 Dungeon Crawl Stone Soup version 0.31.0-32-g396128a36d (webtiles) character file.

Game seed: 16823321808929305653

5910 concernfroge the Severer (level 10, -3/93 HPs)
             Began as a Minotaur Berserker on Apr 16, 2024.
             Was a Priest of Trog.
             Killed from afar by an electric eel (14 damage)
             ... with a bolt of electricity
             ... on level 9 of the Dungeon.
             The game lasted 00:23:38 (7223 turns).

concernfroge the Severer (Minotaur Berserker)       Turns: 7223, Time: 00:23:38

Health: -3/93      AC:  9    Str: 25    XL:     10   Next: 53%
Magic:  9/9        EV: 10    Int:  4    God:    Trog [***...]
Gold:   528        SH:  8    Dex: 11    Spells: 9/9 levels left

rFire   . . .        a - +5 war axe
rCold   x . .        f - +0 kite shield
rNeg    . . .        v - +0 swamp dragon scales
rPois   +            (helmet restricted)
rElec   .            o - +0 cloak {rCorr}
rCorr   +            (no gloves)
SInv    .            (no boots)
Will    ++...        (no amulet)
Stlth   +            n - ring "Puebrurch" {rPois rC- Will++ rCorr Slay+3}
HPRegen 0.35/turn    (no ring)
MPRegen 0.11/turn

%: no passive effects
@: no status effects
A: horns 2, retaliatory headbutt
a: Renounce Religion, Berserk, Trog's Hand


You were on level 9 of the Dungeon.
You worshipped Trog.
Trog was most pleased with you.
You visited 2 branches of the dungeon, and saw 10 of its levels.

You collected 528 gold pieces.

Inventory:

Hand Weapons
 a - a +5 war axe (weapon)
Missiles
 j - 2 darts of dispersal (quivered)
 w - a curare-tipped dart
Armour
 f - a +0 kite shield (worn)
 o - a +0 cloak of preservation (worn)
 v - +0 swamp dragon scales (worn)
Jewellery
 n - the ring "Puebrurch" (left hand) {rPois rC- Will++ rCorr Slay+3}
   (You found it on level 4 of the Dungeon)

   [ring of poison resistance]

   Slay+3:    It affects your accuracy & damage with ranged weapons and melee
   (+3).
   rC-:       It makes you vulnerable to cold.
   rPois:     It protects you from poison Will++: It greatly increases your
   willpower.
   rCorr:     It protects you from acid and corrosion.
Wands
 s - a wand of digging (4)
 t - a wand of flame (16)
Scrolls
 e - 2 scrolls of vulnerability
 h - 2 scrolls of enchant armour {unknown}
 i - 4 scrolls of noise
 l - 2 scrolls of fog {unknown}
 m - a scroll of revelation {unknown}
 p - a scroll of enchant weapon {unknown}
 q - 2 scrolls of poison {unknown}
 r - 4 scrolls of teleportation {unknown}
Potions
 b - a potion of haste {unknown}
 c - 5 potions of curing
 d - a potion of might
 g - a potion of ambrosia
 k - a potion of heal wounds
 u - 2 potions of mutation


   Skills:
 - Level 10.0 Fighting
 - Level 16.0 Axes
 + Level 4.5 Armour
 - Level 2.1 Dodging
 + Level 2.4 Shields


You had 9 spell levels left.
You didn't know any spells.
Your spell library was empty.

Dungeon Overview and Level Annotations

Branches:
Dungeon (9/15)             Temple (1/1) D:6
   Lair: D:8-11         Orc: D:9-12

Altars:
Ashenzari
Cheibriados
Dithmenos
Fedhas
Gozag
Hepliaklqana
Makhleb
Nemelex Xobeh
Okawaru
Qazlal
Ru
Trog
Uskayaw
Vehumet
Wu Jian
Xom
Yredelemnul
Zin

Shops:
D:1 :   D:8 (


Innate Abilities, Weirdness & Mutations

You have a pair of horns on your head.
You reflexively headbutt those who attack you in melee.


Message History

You are engulfed in a cloud of scalding steam.
You enter the shallow water.
Moving in this stuff is going to be slow.
The plant is engulfed in a cloud of scalding steam.
The plant begins to die.
A nearby plant withers and dies.
An electric eel comes into view.
The electric eel shoots out a bolt of lightning at you!
The bolt of electricity hits you! x2
An electric eel comes into view.
The electric eel shoots out a bolt of lightning at you!
The bolt of electricity hits you. The bolt of electricity hits you!
The electric eel shoots out a bolt of lightning at you!
The bolt of electricity hits you!
You start resting.
An electric eel is nearby!
You start resting.
An electric eel is nearby!
The electric eel shoots out a bolt of lightning at you!
The bolt of electricity hits you! The bolt of electricity misses you.
Okay, then.
The electric eel shoots out a bolt of lightning at you!
The bolt of electricity hits you!
The electric eel shoots out a bolt of lightning at you!
The bolt of electricity hits the plant!
The plant begins to die.
The bolt of electricity hits you.
The electric eel shoots out a bolt of lightning at you!
The bolt of electricity hits you!
* * * LOW HITPOINT WARNING * * *
Aiming: Throw Flame
Press: ? - help, Shift-Dir - straight line A nearby plant withers and dies.
The electric eel is engulfed in a cloud of scalding steam.
The electric eel shoots out a bolt of lightning at you!
The bolt of electricity hits the electric eel.
The electric eel completely resists.
The bolt of electricity hits you!
* * * LOW HITPOINT WARNING * * *
The electric eel shoots out a bolt of lightning at you!
The bolt of electricity hits you!
You die...

#.# #≈#
#.##≈≈#
#..#≈≈#
##.#≈≈## ..
#.#≈≈≈#...
#.#≈≈≈#...
#.#≈≈≈~..#
#..≈≈~P..#
##@~≈≈P~...
#...≈≈≈.~..
#..~≈≈~≈..#
#...~≈≈~P.#
#...~≈≈≈..#
##..§≈≈~~..
#...§§§~..
##.PS§≈~...
##....S≈§~§.


You could see an electric eel.

Vanquished Creatures
  A two-headed ogre (D:8)
  Pikel (D:5)
  A cyclops (D:7)
  Maggie (D:8)
  A hornet (D:8)
  Grinder (D:4)
  Sigmund (D:4)
  Menkaure (D:7)
  A steam dragon (D:9)
  An acid dragon (D:8)
  2 water moccasins
  Duvessa (D:5)
  A sky beast (D:6)
  2 ice beasts
  2 ogres
  A centaur (D:8)
  4 lemures (D:5)
  A kobold brigand (D:7)
  Blork the orc (D:4)
  The ghost of middlethird the Chiller, an amateur VSIE (D:6)
  5 bullfrogs
  A gnoll sergeant (D:8)
  4 scorpions
  8 wights
  Dowan (D:5)
  7 killer bees
  3 howler monkeys
  An electric eel (D:9)
  4 bombardier beetles
  3 hounds
  3 jellies
  2 sleepcaps
  Crazy Yiuf (D:2)
  2 iguanas (D:5)
  4 orc wizards
  5 gnolls (D:8)
  6 adders
  2 white imps
  2 dart slugs
  2 ribbon worms (D:2)
  20 orcs
  6 ball pythons
  A bat (D:1)
  9 endoplasms
  2 giant cockroaches (D:1)
  9 goblins
  7 hobgoblins
  3 jackals (D:1)
  10 kobolds
  6 quokkas
  4 frilled lizards
  8 rats
177 creatures vanquished.

Vanquished Creatures (others)
  An orc zombie (D:3)
1 creature vanquished.

Grand Total: 178 creatures vanquished

Notes
Turn   | Place    | Note
-------+----------+-------------------------------------------
     0 | D:1      | concernfroge the Minotaur Berserker began the quest for the
                  | Orb.
     0 | D:1      | Reached XP level 1. HP: 19/19 MP: 0/0
    34 | D:1      | Found Siuf's Book Emporium.
   137 | D:1      | Reached XP level 2. HP: 28/28 MP: 1/1
   403 | D:1      | Reached skill level 5 in Fighting
   444 | D:1      | Reached XP level 3. HP: 30/36 MP: 2/2
   676 | D:1      | Reached ** piety under Trog
   878 | D:2      | Found a runed translucent door.
   879 | D:2      | Noticed Crazy Yiuf
  1521 | D:2      | Killed Crazy Yiuf
  1522 | D:2      | Reached XP level 4. HP: 44/44 MP: 3/3
  1889 | D:3      | Reached XP level 5. HP: 51/52 MP: 4/4
  2238 | D:3      | Found a sparkling altar of Nemelex Xobeh.
  2466 | D:4      | Reached XP level 6. HP: 61/61 MP: 5/5
  2519 | D:4      | Noticed Blork the orc
  2532 | D:4      | Killed Blork the orc
  2651 | D:4      | Reached XP level 7. HP: 71/71 MP: 6/6
  2724 | D:4      | Noticed Grinder
  2728 | D:4      | Reached skill level 10 in Fighting
  2734 | D:4      | Killed Grinder
  2735 | D:4      | Reached skill level 5 in Axes
  2737 | D:4      | Identified the ring "Puebrurch" {rPois rC- Will++ rCorr
                  | Slay+3}
  2886 | D:4      | Reached skill level 6 in Axes
  2897 | D:4      | Found a hide-covered altar of Uskayaw.
  3047 | D:4      | Found a blossoming altar of Fedhas.
  3048 | D:4      | Noticed Sigmund
  3049 | D:4      | Found a shimmering altar of Xom.
  3309 | D:5      | Entered Level 5 of the Dungeon
  3309 | D:5      | Noticed Dowan
  3320 | D:5      | Killed Dowan
  3321 | D:5      | Noticed Duvessa
  3385 | D:5      | Killed Duvessa
  3386 | D:5      | Reached skill level 7 in Axes
  3386 | D:5      | Reached XP level 8. HP: 78/79 MP: 7/7
  3639 | D:5      | Reached *** piety under Trog
  3707 | D:5      | Noticed Pikel
  3708 | D:5      | Reached skill level 8 in Axes
  3718 | D:5      | Killed Pikel
  3719 | D:5      | Reached skill level 10 in Axes
  4045 | D:4      | Found an ornate altar of the Wu Jian Council.
  4045 | D:4      | Found a hazy altar of Hepliaklqana.
  4048 | D:4      | Killed Sigmund
  4049 | D:4      | Reached skill level 11 in Axes
  4049 | D:4      | Reached XP level 9. HP: 85/85 MP: 8/8
  4377 | D:6      | Found a runed translucent door.
  4377 | D:6      | Noticed middlethird's ghost (amateur VSIE)
  4384 | D:6      | Killed middlethird's ghost
  4385 | D:6      | Reached skill level 12 in Axes
  4550 | D:6      | Found a staircase to the Ecumenical Temple.
  4561 | Temple   | Entered the Ecumenical Temple
  4684 | D:6      | Found a burning altar of Makhleb.
  4805 | D:6      | Found a glowing silver altar of Zin.
  4805 | D:6      | Found an opulent altar of Gozag.
  4866 | D:6      | Found a bloodstained altar of Trog.
  4875 | D:6      | Found a radiant altar of Vehumet.
  4952 | D:7      | Reached skill level 13 in Axes
  5104 | D:7      | Noticed a cyclops
  5112 | D:7      | Killed a cyclops
  5113 | D:7      | Reached skill level 14 in Axes
  5331 | D:7      | Noticed Menkaure
  5338 | D:7      | Killed Menkaure
  5598 | D:7      | Reached XP level 10. HP: 93/93 MP: 9/9
  5777 | D:8      | Found a transporter.
  5780 | D:8      | Found Secs's Weapon Shoppe.
  5868 | D:8      | Reached skill level 15 in Axes
  6011 | D:8      | Noticed Maggie
  6021 | D:8      | Killed Maggie
  6389 | D:8      | Noticed a two-headed ogre
  6396 | D:8      | Killed a two-headed ogre
  6397 | D:8      | Reached skill level 16 in Axes
  6548 | D:8      | Found a transporter.
  6804 | D:8      | Paralysed by a hornet for 1 turns
  6809 | D:8      | Reached skill level 1 in Shields
  7223 | D:9      | Killed from afar by an electric eel

Illustrated notes

Levels and vault maps discovered:
D:1:      ncdulo_halloftheorcs, layout_loops_ring, serial_shops, shop,
          minmay_misc_feat_ornament
D:2:      layout_loops_cross, uniq_crazy_yiuf_cottage
D:3:      layout_basic, nemelex_dance_club_becter
D:4:      layout_basic, nicolae_uskayaw_suspiria,
          nicolae_overflow_hidden_temple, uniq_grinder, uniq_blork_the_orc,
          uniq_sigmund
D:5:      layout_rooms, uniq_duvessa, uniq_pikel
D:6:      layout_rooms, grunt_temple_overflow_gold_and_silver,
          lightli_temple_of_fire, mainiacjoe_overflow_swirl,
          minmay_temple_entry_grid, gammafunk_ghost_grave
D:7:      layout_rooms, uniq_menkaure
D:8:      layout_loops_ring, serial_shops, nicolae_shop_drivethru,
          hangedman_decor_slide_cut, uniq_maggie
D:9:      lemuel_troll_bridge, layout_layer_cave, mainiacjoe_overflow_paths,
          hellmonk_lair_entry_icy, chequers_big_river, minmay_strange_pillars,
          uniq_joseph, uniq_grum, uniq_maurice
Temple:   nicolae_temple_ecumenical_triangle

Skill      XL: |  1  2  3  4  5  6  7  8  9 10 |
---------------+-------------------------------+-----
Fighting       | 4 5 6 7 8 9 10 | 10.0
Axes           | 7 11 14 16 | 16.0
Armour         | 4 |  4.5
Shields        | 2 |  2.4
Dodging        | |  2.1

Action                     |  1- 3 |  4- 6 |  7- 9 | 10-12 || total
---------------------------+-------+-------+-------+-------++-------
  Melee: Hand axe          |    89 |       |       |       ||    89
         Headbutt          |    11 |     7 |    24 |     8 ||    50
         Punch             |     2 |     1 |       |       ||     3
         Quarterstaff      |       |    43 |       |       ||    43
         War axe           |       |    24 |   140 |    50 ||   214
  Throw: Dart              |       |       |       |     4 ||     4
 Invoke: Berserk           |     1 |     1 |     7 |     4 ||    13
         Trog's Hand       |       |       |     2 |       ||     2
  Evoke: Wand              |       |       |       |     6 ||     6
    Use: Scroll            |       |       |    10 |       ||    10
   Stab: Sleeping          |     1 |       |       |       ||     1
 Armour: Animal skin       |    35 |       |       |       ||    35
         Ring mail         |    12 |    38 |       |       ||    50
         Scale mail        |       |     2 |    87 |     8 ||    97
         Swamp dragon scal |       |       |       |    39 ||    39
         Acid dragon scale |       |       |       |     3 ||     3
  Dodge: Dodged            |    49 |    43 |    47 |    27 ||   166
